 Dungeon Crawl Stone Soup version 0.22-b1-21-g5cfc168 (webtiles) character file.

179 Lilu the Conjurer (level 5, -11/28 HPs)
             Began as a Deep Elf Conjurer on Aug 3, 2018.
             Killed by divine providence
             ... invoked by an orc priest
              (12 damage)
             ... on level 3 of the Dungeon.
             The game lasted 00:05:35 (1963 turns).

Lilu the Conjurer (Deep Elf Conjurer)               Turns: 1963, Time: 00:05:35

Health: -11/28     AC: 10    Str:  6    XL:     5   Next: 33%
Magic:  0/11       EV: 13    Int: 20    God:
Gold:   138        SH:  0    Dex: 15    Spells: 7/10 levels left

rFire    . . .     SeeInvis .   l - +2 mace (protect)
rCold    . . .     Gourm    .   (no shield)
rNeg     . . .     Faith    .   m - +0 robe (curse)
rPois    .         Spirit   +   (no helmet)
rElec    .         Reflect  .   q - +0 cloak
rCorr    .         Harm     .   (no gloves)
MR       .....                  (no boots)
Stlth    ++........             b - amulet of guardian spirit
HPRegen  0.09/turn              (no ring)
MPRegen  0.12/turn              (no ring)

@: protection aura
A: no striking features
a: no special abilities


You were on level 3 of the Dungeon.
You were not hungry.

You visited 1 branch of the dungeon, and saw 3 of its levels.

You collected 138 gold pieces.

Inventory:

Hand Weapons
 j - a +2 dagger of draining
 l - a +2 mace of protection (weapon)
Armour
 a - a +0 robe
 m - a cursed +0 robe (worn)
 q - a +0 cloak (worn)
Jewellery
 b - an amulet of guardian spirit (around neck)
Scrolls
 d - 3 scrolls of identify {unknown}
 e - 3 scrolls of remove curse {unknown}
 k - 3 scrolls of teleportation {unknown}
 o - a scroll of fog {unknown}
Potions
 f - a potion of magic {unknown}
 g - 2 potions of degeneration {unknown}
 h - a potion of heal wounds {unknown}
 i - a potion of flight {unknown}
 n - a potion of curing {unknown}
 p - a potion of agility {unknown}
 r - a potion of haste {unknown}
Comestibles
 c - 4 rations


   Skills:
 - Level 2.4 Dodging
 - Level 2.4 Stealth
 - Level 3.0 Spellcasting
 + Level 7.3 Conjurations


You had 7 spell levels left.
You knew the following spells:

 Your Spells              Type           Power        Failure   Level  Hunger
a - Magic Dart            Conj           ####         1%          1    None
b - Searing Ray           Conj           ####..       1%          2    ##.....

Your spell library contained the following spells:

 Spells                   Type           Power        Failure   Level  Hunger
 Iskenderun's Mystic Bla  Conj           ####....     7%          4    ####...
 Fulminant Prism          Conj/Hex       ###.......   30%         4    ####...
 Dazzling Spray           Conj/Hex       ###...       10%         3    ###....
 Force Lance              Conj/Tloc      ###.....     30%         4    ####...


Dungeon Overview and Level Annotations

Branches:
Dungeon (3/15)

Altars:
Okawaru
Ru
Uskayaw


Message History

The orc closely misses you.
The orc priest invokes the aid of Beogh against you.
Beogh smites you!
* * * LOW HITPOINT WARNING * * *
Things that are here:
a dagger; a robe The orc priest hits you with a mace.
* * * LOW HITPOINT WARNING * * *
You sock the orc priest!
Your weapon exudes an aura of protection.
The orc priest is heavily wounded.
The orc barely misses you.
The orc priest invokes the aid of Beogh against you.
You struggle to resist.
You hit the orc priest.
The orc priest is almost dead.
The orc completely misses you.
The orc priest mumbles some strange prayers to Beogh against you.
Beogh smites you!
You die...

. #.........##...
#..###.#.......
####..# #.#.###...
#.....###.#.###...
#.##.##.......###.
###.##.##.......# #.
##...##.##.......#
#.
#.#..o###.##.......#
#.
#.....@o).##.......#
#.
###.%.######.......#
#. ##.## #.......#
#. #. ####..### #.
#. #..#####. #.
#..[..... #.
#.######.
######.######.
..(............


You could see an orc priest and an orc.

Vanquished Creatures
  A bullfrog zombie (D:2)
  A jelly (D:3)
  2 orc wizards (D:3)
  3 adders
  A worm (D:2)
  3 dart slugs
  A ball python (D:1)
  4 goblins
  4 hobgoblins
  3 kobolds (D:1)
  A quokka (D:3)
  2 bats
  2 frilled lizards
  4 rats
32 creatures vanquished.

Notes
Turn   | Place    | Note
-------+----------+-------------------------------------------
     0 | D:1      | Lilu the Deep Elf Conjurer began the quest for the Orb.
     0 | D:1      | Reached XP level 1. HP: 10/10 MP: 6/6
   293 | D:1      | Reached XP level 2. HP: 15/15 MP: 6/8
   297 | D:1      | Learned a level 2 spell: Searing Ray
   325 | D:1      | Reached skill level 5 in Conjurations
   962 | D:2      | Reached skill level 6 in Conjurations
   962 | D:2      | Reached XP level 3. HP: 19/19 MP: 2/9
  1062 | D:2      | Reached XP level 4. HP: 24/24 MP: 5/10
  1416 | D:2      | Found a sacrificial altar of Ru.
  1416 | D:2      | Found a faded altar of an unknown god.
  1421 | D:2      | Found a hide-covered altar of Uskayaw.
  1423 | D:2      | Found a faded altar of an unknown god.
  1424 | D:2      | Found an iron altar of Okawaru.
  1916 | D:3      | Reached skill level 7 in Conjurations
  1916 | D:3      | Reached XP level 5. HP: 28/28 MP: 5/11
  1961 | D:3      | HP: 1/28 [orc priest/mace (3)]
  1963 | D:3      | Killed from afar by an orc priest

Skill      XL: |  1  2  3  4 |
---------------+-------------+-----
Conjurations   | 6 7 |  7.3
Dodging        | |  2.4
Stealth        | |  2.4
Spellcasting   | |  3.0

Action                   |  1- 3 |  4- 6 || total
-------------------------+-------+-------++-------
Melee: Mace              |     5 |     6 ||    11
       Dagger            |     1 |       ||     1
 Cast: Magic Dart        |    32 |    14 ||    46
       Searing Ray       |     3 |     4 ||     7
  Eat: Chunk             |       |     3 ||     3
Armor: Robe              |     3 |     3 ||     6
Dodge: Dodged            |     4 |     8 ||    12
